 Dungeon Crawl Stone Soup version 0.30-a0-778-g2ef04afb54 (webtiles) character file.

Game seed: 7752543604516301396

36 Pimp the Trooper (level 3, 0/30 HPs)
             Began as a Demonspawn Fighter on Feb 16, 2023.
             Frozen to death by an endoplasm (4 damage)
             ... on level 2 of the Dungeon.
             The game lasted 00:01:39 (1157 turns).

Pimp the Trooper (Demonspawn Fighter)               Turns: 1157, Time: 00:01:40

Health: 0/30       AC:  6    Str: 18    XL:     3   Next: 19%
Magic:  3/3        EV:  9    Int:  9    God:
Gold:   95         SH:  4    Dex: 12    Spells: 2/2 levels left

rFire   . . .      SeeInvis .    a - +0 war axe
rCold   . . .      Faith    .    c - +0 buckler
rNeg    . . .      Spirit   .    b - +0 scale mail
rPois   .          Reflect  .    (helmet restricted)
rElec   .          Harm     .    (no cloak)
rCorr   .          Rampage  .    (no gloves)
Will    .....                    (no boots) Stlth
                                 (no amulet)
HPRegen 0.25/turn                (no ring)
MPRegen 0.08/turn                (no ring)

@: no status effects
A: hooves 1, horns 1
a: no special abilities


You were on level 2 of the Dungeon.
You visited 1 branch of the dungeon, and saw 2 of its levels.

You collected 95 gold pieces.

Inventory:

Hand Weapons
 a - a +0 war axe (weapon)
Missiles
 g - 2 poisoned darts (quivered)
Armour
 b - a +0 scale mail (worn)
 c - a +0 buckler (worn)
Jewellery
 h - an amulet of regeneration
 j - a ring of positive energy
Wands
 l - a wand of paralysis (9)
Scrolls
 e - a scroll of amnesia {unknown}
 f - a scroll of summoning {unknown}
 i - a scroll of teleportation {unknown}
Potions
 d - a potion of might
 k - a potion of ambrosia {unknown}


   Skills:
 + Level 3.6 Fighting
 + Level 2.2 Axes
 + Level 2.8 Armour
 + Level 0.1 Stealth
 + Level 2.9 Shields


You had 2 spell levels left.
You didn't know any spells.
Your spell library contained the following spells:

 Spells                   Type           Power      Damage    Failure   Level
 Lesser Beckoning         Tloc           0%         N/A       95%         2
 Gell's Gravitas          Tloc           0%         N/A       99%         3
 Inner Flame              Hex/Fire       0%         N/A       99%         3
 Teleport Other           Tloc           0%         N/A       99%         3
 Cause Fear               Hex            0%         N/A       100%        4
 Discord                  Hex            0%         N/A       100%        8


Dungeon Overview and Level Annotations

Branches:
Dungeon (2/15)

Altars:


Innate Abilities, Weirdness & Mutations

You have large cloven feet.
You have a pair of small horns on your head.


Message History

A gnoll comes into view. It is wielding a +0 spear.
Found 16 gold pieces.
The gnoll shouts!
You hear a shout! x2 3 gnolls come into view.
The gnoll shouts! x3
An endoplasm comes into view.
The endoplasm quivers.
The gnoll completely misses you. The dart slug launches a dart at you.
The slug dart misses you. The dart slug bites you.
The gnoll hits you but does no damage. You block the gnoll's attack.
You slash the gnoll!
The gnoll is almost dead.
You closely miss the gnoll. You hit the dart slug.
The gnoll closely misses you.
The gnoll hits you from afar with a +0 spear.
The gnoll hits you with a +0 spear. The gnoll barely misses you.
The dart slug launches a dart at you. The slug dart misses you.
The gnoll hits you from afar with a +0 spear.
The gnoll hits you but does no damage. The gnoll hits you with a +0 club.
The gnoll hits you from afar with a +0 spear.
You barely miss the gnoll. You kick the gnoll, but do no damage.
You barely miss the gnoll. You hit the dart slug.
The dart slug bites you but does no damage.
The gnoll hits you with a +0 club. You block the gnoll's attack.
The gnoll barely misses you. The gnoll hits you with a +0 spear.
You slash the gnoll!
You kill the gnoll!
You slash the gnoll!
You kill the gnoll!
You hit the dart slug.
You kill the dart slug!
You block the gnoll's attack.
The gnoll hits you from afar with a +0 spear.
* * * LOW HITPOINT WARNING * * *
The endoplasm freezes you.
You are frozen.
You die...

.# ######## ##.#
...... ...## #.
#. #...####)$...
###. #.
+............
... #.
#............ #.
#.#####...)....#
#.
#...........J..#
#.
#.......##.@)..#
#######.
#.......##.)?..#
#....##.
#.......##g..g.#
#....##.
#.......##.....#
#.......
#..#######.....#
#....... ##....#
#.....# #.......
####.####.....#
####....
#....#######
#.... ####..#
#....


You could see 2 gnolls and an endoplasm.

Vanquished Creatures
  An adder (D:2)
  2 gnolls (D:2)
  A dart slug (D:2)
  3 endoplasms (D:2)
  2 goblins (D:1)
  2 hobgoblins
  4 jackals (D:2)
  3 kobolds
  A quokka (D:1)
  2 ball pythons (D:1)
  3 bats
  A frilled lizard (D:2)
  3 rats (D:1)
28 creatures vanquished.

Notes
Turn   | Place    | Note
-------+----------+-------------------------------------------
     0 | D:1      | Pimp the Demonspawn Fighter began the quest for the Orb.
     0 | D:1      | Reached XP level 1. HP: 18/18 MP: 1/1
   220 | D:1      | Found a faded altar of an unknown god.
   514 | D:1      | Discovered your monstrous ancestry.
   514 | D:1      | Gained mutation: You have large cloven feet. [demonic
                  | ancestry]
   514 | D:1      | Reached XP level 2. HP: 24/24 MP: 2/2
   959 | D:2      | Gained mutation: You have a pair of small horns on your
                  | head. [demonic ancestry]
   959 | D:2      | Reached XP level 3. HP: 30/30 MP: 3/3
  1157 | D:2      | Frozen to death by an endoplasm

Illustrated notes

Levels and vault maps discovered:
D:1:      psy_arrival_terrarium, layout_basic, chequers_ecumenical_altar_simple,
          hex_medium, minmay_misc_feat_alley, kennysheep_decorative_pillar,
          st_stairs_4, minmay_door_square, reono_crystal_passage
D:2:      layout_basic

Skill      XL: |  1  2 |
---------------+-------+-----
Axes           | 2 |  2.2
Fighting       | |  3.6
Armour         | |  2.8
Stealth        | |  0.1
Shields        | |  2.9

Action                     || total
---------------------------++-------
  Melee: War axe           ||    56
         Kick              ||     4
         Headbutt          ||     2
    Use: Scroll            ||     2
         Potion            ||     2
 Armour: Scale mail        ||    24
  Dodge: Dodged            ||    35
  Block: Buckler           ||    15

Table legend: (Time is in decaauts)
 A = Elapsed time spent in this place.
 B = Non-inter-level travel time spent in this place.
 C = Inter-level travel time spent in this place.
 D = Time resting spent in this place.
 E = Time spent auto-exploring this place.
 F = Levels seen in this place.
 G = Mean time per level.
                   A        B        C        D        E       F      G
               +--------+--------+--------+--------+--------+-----+--------+
         Total |   1181 |   1155 |     26 |      0 |    950 |   2 |  590.5 |
       Dungeon |   1181 |   1155 |     26 |      0 |    950 |   2 |  590.5 |
               +--------+--------+--------+--------+--------+-----+--------+

Top non-repeatable levels by time:
     D:1: 744 daAuts
     D:2: 436 daAuts
